 Dungeon Crawl Stone Soup version 0.31-a0-188-g5e087ee2ca (webtiles) character file.

Game seed: 13450859505343341041

44 qw the Shooter (level 3, 0/20 HPs)
             Began as a Deep Elf Hunter on June 22, 2023.
             Slain by an adder (1 damage)
             ... on level 2 of the Dungeon.
             The game lasted 00:00:12 (1028 turns).

qw the Shooter (Deep Elf Hunter)                    Turns: 1028, Time: 00:00:13

Health: 0/20       AC:  3    Str: 10    XL:     3   Next: 41%
Magic:  5/5        EV: 12    Int: 13    God:
Gold:   81         SH:  0    Dex: 18    Spells: 2/2 levels left

rFire   . . .        Y - +0 shortbow
rCold   . . .        (shield currently unavailable)
rNeg    . . .        c - +0 leather armour
rPois   .            (no helmet)
rElec   .            (no cloak)
rCorr   .            (no gloves)
SInv    .            (no boots)
Will    .....        (no amulet)
Stlth   ++           (no ring)
HPRegen 0.23/turn    (no ring)
MPRegen 0.09/turn

%: no passive effects
@: lethally poisoned (0 -> -17)
A: no striking features
a: no special abilities


You were on level 2 of the Dungeon.
You visited 1 branch of the dungeon, and saw 2 of its levels.

You collected 81 gold pieces.


   Skills:
 - Level 1.5 Fighting
 + Level 7.0 Ranged Weapons
 - Level 2.4 Dodging
 - Level 1.2 Stealth


You had 2 spell levels left.
You didn't know any spells.
Your spell library was empty.

Inventory:

Hand Weapons
 Y - a +0 shortbow (weapon)
Armour
 c - a +0 leather armour (worn)
Scrolls
 a - a scroll of noise {unknown}
 g - a scroll of identify
Potions
 e - a potion of berserk rage {unknown}
 f - a potion of might {unknown}
 h - a potion of mutation {unknown}

Dungeon Overview and Level Annotations

Branches:
Dungeon (2/15)

Altars:


Message History

The gnoll is heavily wounded.
An adder comes into view.
1021 ||| Stepping ~*~*~tactically~*~*~ (outnumbered).
An adder and a gnoll come into view.
The gnoll is wielding a +2 spear of venom.
The gnoll hits you but does no damage. The gnoll barely misses you.
You shoot an arrow. The gnoll shouts!
The arrow hits the gnoll!
You kill the gnoll!
The gnoll barely misses you. x2
You have reached level 3!
Your experience leads to an increase in your attributes!
Increase (S)trength, (I)ntelligence, or (D)exterity?
You feel stronger. x2
You shoot an arrow. The arrow barely misses the gnoll.
The gnoll hits you from afar with a +0 spear.
You shoot an arrow. The arrow hits the gnoll!
You kill the gnoll!
Your Ranged Weapons skill increases to level 7!
You shoot an arrow. The arrow hits the adder.
The adder is lightly wounded.
The adder bites you.
You are poisoned.
The adder poisons you!
You shoot an arrow.
The arrow hits the adder but does no damage.
You feel sick. The adder bites you.
You are more poisoned.
The adder poisons you!
The gnoll hits you from afar with a +2 spear of venom.
You are more poisoned.
A dart slug comes into view.
You shoot an arrow. The arrow hits the adder.
The adder is lightly wounded.
You feel very sick. The adder barely misses you.
The gnoll hits you from afar with a +2 spear of venom.
The adder bites you.
You die...

######.#.# #.#
##........####.# #
#...............#
.#.##.####.##.....#
#.# #.# #.##.##.##
#.# #.# #.##.##.#
#.###%####.##.##.#
#.............##.#
##@##.####.#####.#
#S.#..# #.# #.#
.g.##.## #.# #.#
w..## #.# #.# #.##
...#. #.# #.# #...
.. . #.# #.# ###. #
. #.# #.# #. .. ...
.#######. ...
.........


You could see a gnoll, an adder and a dart slug.

Vanquished Creatures
  2 gnolls (D:2)
  An adder (D:2)
  A dart slug (D:1)
  An endoplasm (D:1)
  A giant cockroach (D:1)
  A goblin (D:2)
  3 hobgoblins
  2 bats (D:1)
  A frilled lizard (D:2)
  3 kobolds (D:1)
16 creatures vanquished.

Notes
Turn   | Place    | Note
-------+----------+-------------------------------------------
     0 | D:1      | qw the Deep Elf Hunter began the quest for the Orb.
     0 | D:1      | Reached XP level 1. HP: 12/12 MP: 3/3
     0 | D:1      | 0 ||| qw: Version: 0.3-a-9-g12657ce
     0 | D:1      | 0 ||| qw: Game counter: 2824
     0 | D:1      | 0 ||| qw: Always use a shield: true
     0 | D:1      | 0 ||| qw: God list: Okawaru
     0 | D:1      | 0 ||| qw: Allow faded altars: false
     0 | D:1      | 0 ||| qw: Do Orc after D:15 true
     0 | D:1      | 0 ||| qw: Do second Lair branch before Depths: true
     0 | D:1      | 0 ||| qw: Lair rune preference: random
     0 | D:1      | 0 ||| qw: Plans: Normal
     0 | D:1      | 0 ||| PLANNING D:1-11
   427 | D:1      | Reached skill level 6 in Ranged Weapons
   427 | D:1      | Reached XP level 2. HP: 16/16 MP: 4/4
   874 | D:1      | 874 ||| READING scroll labelled VOLOIDAMIC.
   875 | D:1      | 875 ||| READING 2 scrolls labelled TYIRUF TOYMIL.
   876 | D:1      | 876 ||| DROPPING scroll of butterflies.
  1021 | D:2      | 1021 ||| Stepping ~*~*~tactically~*~*~ (outnumbered).
  1024 | D:2      | Reached XP level 3. HP: 20/20 MP: 5/5
  1026 | D:2      | Reached skill level 7 in Ranged Weapons
  1028 | D:2      | HP: 5/20 [poisoned by a gnoll]
  1028 | D:2      | HP: 1/20 [gnoll/+2 spear of venom (4)]
  1028 | D:2      | Slain by an adder

Levels and vault maps discovered:
D:1:      nzn_arrival_water_spiral, layout_basic
D:2:      layout_loops_ring, basic_altar, minmay_increasing_density

Skill      XL: |  1  2  3 |
---------------+----------+-----
Ranged Weapons | 6 7 |  7.0
Fighting       | |  1.5
Dodging        | |  2.4
Stealth        | |  1.2

Action                     || total
---------------------------++-------
   Fire: Shortbow          ||    44
    Use: Scroll            ||     2
 Armour: Leather armour    ||     6
  Dodge: Dodged            ||     9

Table legend:
 A = Non-vault XP
 B = Vault XP
 C = Vault XP percentage of total XP
 D = Non-vault monster count
 E = Vault monster count
 F = Vault count percentage of total count
                 A         B        C        D         E       F
            +---------+---------+-------+---------+---------+-------
      Total |      64 |       0 |   0.0 |      16 |       0 |   0.0
            +---------+---------+-------+---------+---------+-------
        D:1 |      18 |       0 |   0.0 |      10 |       0 |   0.0
        D:2 |      46 |       0 |   0.0 |       6 |       0 |   0.0
            +---------+---------+-------+---------+---------+-------
